 Dungeon Crawl Stone Soup version 0.23-a0-673-g3803c42f16 (webtiles) character file.

7674 Notair the Cleaver (level 10, -7/91 HPs)
             Began as a Minotaur Gladiator on Jan 9, 2019.
             Was a High Priest of Okawaru.
             Mangled by a manticore (19 damage)
             ... on level 11 of the Dungeon.
             The game lasted 00:32:49 (10724 turns).

Notair the Cleaver (Minotaur Gladiator)            Turns: 10724, Time: 00:32:50

Health: -7/91      AC: 14    Str: 20      XL:     10   Next: 99%
Magic:  8/10       EV: 17    Int:  8      God:    Okawaru [*****.]
Gold:   503        SH:  0    Dex: 12 (13) Spells: 9/9 levels left

rFire    . . .     SeeInvis .   a - +0 war axe
rCold    . . .     Gourm    .   (no shield)
rNeg     . . .     Faith    .   w - +0 chain mail
rPois    .         Spirit   .   c - +0 hat
rElec    .         Reflect  .   M - +0 cloak
rCorr    .         Harm     .   (no gloves)
MR       .....                  (no boots)
Stlth    ..........             (no amulet)
HPRegen  0.25/turn              z - +2 ring of strength
MPRegen  0.12/turn              E - +3 ring of evasion

@: heroism
A: retaliatory headbutt, horns 2
a: Heroism, Finesse, Renounce Religion


You were on level 11 of the Dungeon.
You worshipped Okawaru.
Okawaru was extremely pleased with you.
You were not hungry.

You visited 2 branches of the dungeon, and saw 12 of its levels.

You collected 628 gold pieces.
You spent 125 gold pieces at shops.

Inventory:

Hand Weapons
 a - a +0 war axe (weapon)
 H - a +2 whip of freezing
 S - a +1 broad axe
Missiles
 d - a throwing net (quivered)
 j - 72 sling bullets
 k - 207 stones
 o - 106 bolts
 O - 3 steel javelins
Armour
 c - a +0 hat (worn)
 w - a +0 chain mail (worn)
 M - a +0 cloak (worn)
Jewellery
 e - an uncursed ring of ice
 z - a +2 ring of strength (left hand)
 E - a +3 ring of evasion (right hand)
Wands
 y - a wand of paralysis (12)
 G - a wand of flame (16)
 R - a wand of polymorph (4)
Scrolls
 i - 5 scrolls of remove curse
 p - a scroll of teleportation
 q - 2 scrolls of blinking
 s - 3 scrolls of amnesia
 u - a scroll of magic mapping
 v - a scroll of enchant weapon
 F - a scroll of fear {unknown}
 Q - a scroll of vulnerability {unknown}
Potions
 b - 2 potions of flight
 h - 3 potions of brilliance
 l - 5 potions of might
 m - 2 potions of resistance
 n - 2 potions of degeneration {unknown}
 r - 2 potions of ambrosia
 t - a potion of cancellation {unknown}
 A - a potion of heal wounds
 C - 7 potions of curing
 D - a potion of lignification {unknown}
 J - a potion of invisibility {unknown}
 N - 3 potions of mutation
 P - 3 potions of haste
Comestibles
 f - 27 rations


   Skills:
 + Level 9.1(14.1) Fighting
 * Level 12.5(17.5) Axes
 - Level 5.0(10.0) Throwing
 + Level 8.5(13.5) Armour
 + Level 8.6(13.6) Dodging
 + Level 1.4 Invocations


You had 9 spell levels left.
You didn't know any spells.
Your spell library contained the following spells:

 Spells                   Type           Power        Failure   Level  Hunger
 Sting                    Conj/Pois      #...         94%         1    ##.....
 Poisonous Vapours        Pois/Air       #.....       98%         2    ###....
 Mephitic Cloud           Conj/Pois/Air  #.......     100%        3    ####...
 Olgreb's Toxic Radiance  Pois           #.......     100%        4    #####..
 Venom Bolt               Conj/Pois      #.........   100%        5    ######.


Dungeon Overview and Level Annotations

Branches:
Dungeon (11/15)            Temple (1/1) D:4            Lair (0/6) D:8
    Orc: D:9-12

Altars:
Ashenzari
Cheibriados
Dithmenos
Elyvilon
Fedhas
Gozag
Hepliaklqana
Kikubaaqudgha
Makhleb
Nemelex Xobeh
Okawaru
Qazlal
Ru
Sif Muna
Trog
Uskayaw
Vehumet
Wu Jian
Xom
Yredelemnul
Zin
The Shining One

Shops:
D:5 *   D:9 }*   D:10 =


Innate Abilities, Weirdness & Mutations

You reflexively headbutt those who attack you in melee.
You have a pair of horns on your head.


Message History

You headbutt the manticore. The manticore closely misses you.
The manticore misses you.
You closely miss the manticore.
You headbutt the manticore, but do no damage.
The manticore is moderately wounded.
The manticore bites you!
* * * LOW HITPOINT WARNING * * *
The manticore claws you.
* * * LOW HITPOINT WARNING * * *
The manticore closely misses you.
You gain the combat prowess of a mighty hero.
You carefully extract the barbed spikes from your body.
The manticore bites you!
* * * LOW HITPOINT WARNING * * *
The manticore claws you but does no damage.
The manticore misses you.
You hit the manticore. Your headbutt misses the manticore.
The manticore is moderately wounded.
The manticore bites you!!
You die...

.###### .###### ......#
.(....#### # ..........
#.# .#'#####.. ...#
.+.....# ....#
##.....###########>....#
................@H.#
........####..###..#
........# #..# ..#
........####..###....
......................
#######################


You could see a manticore.

Vanquished Creatures
  A two-headed ogre (D:9)
  Pikel (D:7)
  Psyche (D:9)
  Joseph (D:7)
  A komodo dragon (D:8)
  A hippogriff (D:10)
  A wraith (D:10)
  3 wyverns
  6 yaks (D:9)
  3 sky beasts
  A slave (D:7)
  3 orc warriors
  3 phantoms
  6 centaurs
  7 ogres
  5 bullfrogs
  A wyvern skeleton (D:10)
  2 scorpions
  A water moccasin zombie (D:7)
  A water moccasin skeleton (D:9)
  A howler monkey (D:8)
  8 crimson imps
  A quasit (D:11)
  A centaur zombie (D:7)
  7 hounds
  2 orc wizards
  9 orc priests
  Crazy Yiuf (D:7)
  3 bullfrog skeletons
  A gnoll shaman (D:6)
  An iguana (D:5)
  Terence (D:2)
  10 worker ants
  A hound skeleton (D:4)
  10 adders
  7 gnolls
  A howler monkey skeleton (D:8)
  An ooze (D:1)
  2 adder zombies
  An adder skeleton (D:7)
  5 worms
  A dart slug (D:5)
  7 leopard geckos
  18 orcs
  6 giant cockroaches
  5 goblins
  A hobgoblin (D:2)
  8 jackals
  2 quokkas
  A ball python (D:3)
  7 bats
  A frilled lizard (D:2)
  2 kobolds
  A leopard gecko skeleton (D:8)
  A quokka zombie (D:6)
  4 rats
188 creatures vanquished.

Vanquished Creatures (others)
  An orc (D:7)
  3 plants (D:8)
4 creatures vanquished.

Grand Total: 192 creatures vanquished

Notes
Turn   | Place    | Note
-------+----------+-------------------------------------------
     0 | D:1      | Notair the Minotaur Gladiator began the quest for the Orb.
     0 | D:1      | Reached XP level 1. HP: 18/18 MP: 0/0
   119 | D:1      | Reached XP level 2. HP: 23/25 MP: 1/1
   183 | D:1      | Reached skill level 4 in Axes
   618 | D:2      | Reached skill level 1 in Armour
   696 | D:2      | Found a sacrificial altar of Ru.
   755 | D:2      | Reached XP level 3. HP: 20/30 MP: 2/2
  1237 | D:2      | Noticed Terence
  1249 | D:2      | Killed Terence
  1249 | D:2      | Reached XP level 4. HP: 28/38 MP: 3/3
  1375 | D:2      | Found a hide-covered altar of Uskayaw.
  1740 | D:3      | Found a stormy altar of Qazlal.
  1864 | D:3      | Reached skill level 5 in Axes
  2211 | D:4      | Reached XP level 5. HP: 45/45 MP: 4/4
  2239 | D:4      | Found a staircase to the Ecumenical Temple.
  2266 | Temple   | Entered the Ecumenical Temple
  2456 | Temple   | Became a worshipper of Warmaster Okawaru
  2829 | D:4      | Reached XP level 6. HP: 49/52 MP: 5/5
  2929 | D:5      | Entered Level 5 of the Dungeon
  2967 | D:5      | Reached skill level 6 in Axes
  3017 | D:5      | Reached * piety under Okawaru
  3355 | D:5      | Reached XP level 7. HP: 49/60 MP: 6/6
  3656 | D:5      | Found Qaured's Assorted Antiques.
  4027 | D:5      | Reached skill level 5 in Dodging
  4309 | D:5      | Reached skill level 7 in Axes
  4587 | D:5      | Reached skill level 5 in Fighting
  4680 | D:6      | Reached ** piety under Okawaru
  4686 | D:6      | Reached XP level 8. HP: 59/68 MP: 7/7
  4970 | D:6      | Reached skill level 8 in Axes
  5032 | D:6      | Found a white marble altar of Elyvilon.
  5175 | D:7      | Noticed Pikel
  5192 | D:7      | Killed Pikel
  5192 | D:7      | Reached skill level 5 in Armour
  5365 | D:7      | Noticed Joseph
  5392 | D:7      | Killed Joseph
  5392 | D:7      | Reached *** piety under Okawaru
  5392 | D:7      | Reached skill level 9 in Axes
  5392 | D:7      | Reached XP level 9. HP: 17/78 MP: 8/8
  5774 | D:7      | Found a shattered altar of Ashenzari.
  5774 | D:7      | Found an ancient bone altar of Kikubaaqudgha.
  5816 | D:7      | Found a runed door.
  6500 | D:7      | Noticed Crazy Yiuf
  6506 | D:7      | Killed Crazy Yiuf
  6576 | D:7      | Reached skill level 5 in Throwing
  6771 | D:7      | Reached skill level 10 in Axes
  6787 | D:7      | Reached **** piety under Okawaru
  7438 | D:8      | Found a hazy altar of Hepliaklqana.
  7604 | D:8      | Found a basalt altar of Yredelemnul.
  7847 | D:8      | Noticed a komodo dragon
  7849 | D:8      | Found a staircase to the Lair.
  7897 | D:8      | Killed a komodo dragon
  8384 | D:9      | Reached XP level 10. HP: 63/88 MP: 9/9
  8440 | D:9      | Found Viguzo's Assorted Antiques.
  8446 | D:9      | Bought a wand of paralysis (8) for 66 gold pieces
  8451 | D:9      | Bought 2 emerald potions for 59 gold pieces
  8470 | D:9      | Noticed Psyche
  8475 | D:9      | Killed Psyche
  8475 | D:9      | Reached skill level 11 in Axes
  8478 | D:9      | Received a gift from Okawaru
  8676 | D:9      | Found Awkimp's Gadget Boutique.
  8747 | D:9      | Noticed a two-headed ogre
  8767 | D:9      | Killed a two-headed ogre
  9092 | D:9      | Reached ***** piety under Okawaru
  9103 | D:9      | Reached skill level 12 in Axes
  9108 | D:9      | Received a gift from Okawaru
  9523 | D:10     | Entered Level 10 of the Dungeon
  9932 | D:10     | Reached skill level 1 in Invocations
 10454 | D:10     | Found Xikong's Jewellery Shoppe.
 10714 | D:11     | Noticed a manticore
 10724 | D:11     | Mangled by a manticore

Vault maps used:
D:1:      shiori_arrival_oz, lemuel_old_faithful
D:2:      overflow_temple_1_default, nicolae_ru_the_path_less_chosen,
          uniq_terence
D:3:      lemuel_crystal_altar, first_ration
D:4:      minmay_temple_entry_sparse_star
D:5:      serial_shops, shop, minmay_starry_boxes
D:6:      lemuel_round_altar
D:7:      amethyst_overflow_temple_binary, uniq_pikel, uniq_crazy_yiuf_cottage,
          uniq_joseph
D:8:      kennysheep_little_box, david_lair_shrubbed, grunt_ogre_cave,
          hangedman_abyss_or_decor_slice, minivault_22, lemuel_altar_in_water
D:9:      serial_shops, shop, shop, supply_closet_lemuel, uniq_psyche
D:10:     nicolae_sextant, kennysheep_small_square
D:11:     kennysheep_orc_monster_closet_entryway, enter_trove_2,
          xom_redecorated, uniq_erolcha, uniq_urug
Temple:   eino_temple_rhombus

Skill      XL: |  1  2  3  4  5  6  7  8  9 10 |
---------------+-------------------------------+-----
Axes           | 4 5 6 7 9 10 12 | 12.5
Armour         | 1 2 3 4 5 7 8 |  8.5
Fighting       | 3 4 5 6 7 9 |  9.1
Dodging        | 4 5 6 7 8 |  8.6
Throwing       | 3 4 5 |  5.0
Invocations    | 1 |  1.4

Action                   |  1- 3 |  4- 6 |  7- 9 | 10-12 || total
-------------------------+-------+-------+-------+-------++-------
Melee: War axe           |    52 |    93 |   263 |   180 ||   588
       Headbutt          |    11 |    16 |    48 |    40 ||   115
       Punch             |       |       |     1 |       ||     1
Throw: Stone             |       |       |    75 |     8 ||    83
       Throwing net      |       |       |     4 |     2 ||     6
Invok: Heroism           |       |       |     1 |     4 ||     5
Evoke: Wand              |       |       |       |     2 ||     2
  Use: Scroll            |       |       |       |    16 ||    16
 Stab: Held in net/web   |       |       |     1 |       ||     1
       Paralysed         |       |       |       |     2 ||     2
  Eat: Chunk             |       |     6 |     9 |     6 ||    21
       Ration            |       |       |     2 |     1 ||     3
Armor: Leather armour    |    16 |       |       |       ||    16
       Scale mail        |       |    20 |       |       ||    20
       Chain mail        |       |    11 |   113 |    53 ||   177
Dodge: Dodged            |    37 |    52 |   142 |   109 ||   340

Table legend:
 A = Non-vault XP
 B = Vault XP
 C = Vault XP percentage of total XP
 D = Non-vault monster count
 E = Vault monster count
 F = Vault count percentage of total count
                 A         B        C        D         E       F
            +---------+---------+-------+---------+---------+-------
      Total |    8561 |    2402 |  21.9 |     176 |      11 |   5.9
            +---------+---------+-------+---------+---------+-------
        D:1 |      23 |       0 |   0.0 |      10 |       0 |   0.0
        D:2 |      67 |      36 |  35.0 |      19 |       1 |   5.0
        D:3 |      37 |       0 |   0.0 |      12 |       0 |   0.0
        D:4 |     236 |       0 |   0.0 |      11 |       0 |   0.0
        D:5 |     754 |      82 |   9.8 |      19 |       2 |   9.5
        D:6 |     556 |       0 |   0.0 |      15 |       0 |   0.0
        D:7 |    1183 |    1173 |  49.8 |      19 |       3 |  13.6
        D:8 |     728 |     480 |  39.7 |      24 |       2 |   7.7
        D:9 |    3201 |     463 |  12.6 |      22 |       1 |   4.3
       D:10 |    1725 |     168 |   8.9 |      23 |       2 |   8.0
       D:11 |      51 |       0 |   0.0 |       2 |       0 |   0.0
            +---------+---------+-------+---------+---------+-------
